AoeStats
← DimDoom

Hill Fort

505686373Analyzed
4v4 RM · 23d ago on Sep 10, 2026· 46m 37s· 8 players
Game mode
Random Map
Map size
Large (8 player)
Population
200
Speed
Normal
Resources
Standard
Victory
Conquest
Starting age
Dark Age
Ending age
Imperial Age
RankedLock teamsTeams togetherTeam positionsShared explorationLock speedFull tech treeHidden civsTurbo modeCheats
Victory
Defeat
🇫🇷 Maya · France
1182
+15
🇫🇷 Goths · France
1165
+16
🇫🇷 Burgundians · France
1124
+17
🇫🇷 Franks · France
1052
+28
🇹🇼 Malians · Taiwan
1188
-18
🇨🇳 Japanese · China
1174
-18
🇦🇷 Mongols · Argentina
1169
-18
🇨🇳 Ethiopians · China
1098
-15
Duboobz
9:33 Wheelbarrow
11:12 Feudal Age
10:17 Double-Bit Axe
10:15 Horse Collar
14:23 Loom
17:33 Castle Age
15:51 Heavy Plow
16:57 Bow Saw
17:07 Scale Barding Armor
18:02 Forging
17:54 Gold Mining
17:37 Cavalier
19:19 Husbandry
27:33 Crop Rotation
33:53 Chain Barding Armor
36:24 Imperial Age
34:48 Hand Cart
35:31 Iron Casting
34:23 Light Cavalry
37:36 Two-Man Saw
37:16 Gold Shaft Mining
36:27 Paladin
40:07 Plate Barding Armor
42:18 Fletching
43:29 Blast Furnace
43:13 Town Watch
44:57 Elite Skirmisher
DimDoom
10:54 Feudal Age
11:37 Double-Bit Axe
11:50 Gold Mining
20:24 Castle Age
19:00 Forging
21:57 Wheelbarrow
21:37 Bow Saw
21:59 Husbandry
23:35 Hand Cart
24:14 Hand Cart
24:15 Scale Barding Armor
28:12 Gold Shaft Mining
27:27 Stone Mining
29:09 Iron Casting
36:22 Imperial Age
36:17 Chain Barding Armor
40:05 Cavalier
41:48 Paladin
47:30 Blast Furnace
47:07 Plate Barding Armor
Mona Lisa
11:51 Feudal Age
13:09 Wheelbarrow
12:21 Double-Bit Axe
12:18 Horse Collar
17:15 Loom
20:20 Castle Age
22:24 Hand Cart
22:01 Gold Mining
22:34 Bow Saw
23:06 Thumb Ring
23:30 Crossbowman
25:10 Padded Archer Armor
25:00 Fletching
26:05 Heavy Plow
28:11 Ballistics
29:44 Leather Archer Armor
29:24 Bodkin Arrow
37:35 Imperial Age
37:40 Town Watch
37:50 Stone Mining
39:41 Two-Man Saw
39:52 Chemistry
38:46 Arbalester
40:35 Ring Archer Armor
40:05 Bracer
44:15 Conscription
Бэтмен
11:09 Feudal Age
16:06 Castle Age
13:56 Horse Collar
14:10 Double-Bit Axe
17:31 Loom
20:53 Bow Saw
21:53 Wheelbarrow
22:10 Squires
22:24 Scale Mail Armor
22:38 Pikeman
27:20 Man-at-Arms
27:57 Long Swordsman
30:05 Forging
30:12 Chain Mail Armor
32:48 Iron Casting
33:48 Heavy Plow
40:00 Imperial Age
37:47 Hand Cart
40:33 Anarchy
40:05 Two-Handed Swordsman
41:49 Blast Furnace
41:45 Conscription
41:56 Perfusion
41:29 Halberdier
42:38 Champion
只會5TC
11:31 Feudal Age
12:55 Loom
16:19 Castle Age
14:38 Double-Bit Axe
15:25 Horse Collar
17:10 Bow Saw
16:56 Gold Mining
18:19 Squires
18:05 Arson
19:22 Heavy Plow
22:20 Wheelbarrow
23:47 Scale Mail Armor
23:58 Forging
24:43 Hand Cart
25:11 Chain Mail Armor
29:21 Imperial Age
28:31 Gold Shaft Mining
27:48 Stone Mining
29:11 Town Watch
30:03 Iron Casting
31:25 Plate Mail Armor
31:56 Town Patrol
35:41 Stone Shaft Mining
35:04 Fletching
34:41 Elite Gbeto
37:02 Crop Rotation
37:06 Conscription
39:07 Pikeman
73624617386501790
10:15 Feudal Age
10:54 Double-Bit Axe
14:28 Fishing Lines
19:50 Castle Age
20:03 Loom
22:45 Bow Saw
23:13 Gold Mining
24:41 Forging
24:31 Scale Mail Armor
26:06 Gillnets
26:47 Chain Mail Armor
27:07 Iron Casting
33:41 Imperial Age
31:50 Wheelbarrow
32:14 Squires
32:00 Arson
31:41 Pikeman
32:08 Horse Collar
33:01 Heavy Plow
34:04 Capped Ram
35:21 Plate Mail Armor
35:51 Blast Furnace
35:17 Man-at-Arms
35:42 Gambesons
35:39 Onager
37:03 Long Swordsman
38:42 Two-Handed Swordsman
40:04 Champion
42:53 Halberdier
xvadash
9:59 Feudal Age
8:20 Loom
14:48 Castle Age
13:25 Double-Bit Axe
15:18 Forging
15:29 Bloodlines
20:53 Iron Casting
21:41 Scale Barding Armor
22:25 Husbandry
25:28 Husbandry
26:26 Chain Barding Armor
26:13 Horse Collar
28:41 Husbandry
32:52 Husbandry
32:52 Husbandry
38:04 Wheelbarrow
41:47 Imperial Age
43:55 Imperial Age
42:36 Scale Mail Armor
42:56 Pikeman
43:37 Squires
44:17 Chain Mail Armor
45:51 Blast Furnace
w
11:37 Feudal Age
13:17 Double-Bit Axe
13:36 Loom
14:44 Horse Collar
19:49 Castle Age
21:11 Bow Saw
24:07 Crossbowman
26:23 Heavy Plow
26:17 Gold Mining
30:17 Fletching
35:20 Imperial Age
33:36 Thumb Ring
33:53 Ballistics
35:22 Arbalester
36:00 Bodkin Arrow
37:12 Two-Man Saw
36:45 Conscription
36:37 Squires
37:03 Padded Archer Armor
37:07 Bracer
37:25 Husbandry
38:22 Wheelbarrow
38:47 Leather Archer Armor
38:44 Forging
38:35 Scale Mail Armor
39:22 Hand Cart
40:37 Chemistry
40:18 Heavy Scorpion
42:04 Iron Casting
41:44 Chain Mail Armor
42:02 Ring Archer Armor
44:21 Light Cavalry
44:49 Elite Skirmisher
46:37 Blast Furnace
46:08 Plate Mail Armor
Connection lost

Rejoining the realm…

Still unreachable

The connection could not be restored.

Session expired

The server has moved on; the page needs a fresh start.